 Dungeon Crawl Stone Soup version 0.22.1-1-ga44c0e56f4 (webtiles) character file.

96 Nebulos the Magician (level 4, -3/24 HPs)
             Began as a Deep Elf Fire Elementalist on Sept 20, 2018.
             Killed by divine providence
             ... invoked by an orc priest
              (12 damage)
             ... on level 3 of the Dungeon.
             The game lasted 00:07:39 (2216 turns).

Nebulos the Magician (Deep Elf Fire Elementalist)   Turns: 2216, Time: 00:07:40

Health: -3/24      AC:  2    Str:  9    XL:     4   Next: 41%
Magic:  8/12       EV: 13    Int: 21    God:
Gold:   69         SH:  0    Dex: 15    Spells: 8/12 levels left

rFire    . . .     SeeInvis .   j - +0 dagger (drain)
rCold    . . .     Gourm    +   (no shield)
rNeg     . . .     Faith    .   a - +0 robe
rPois    .         Spirit   .   (no helmet)
rElec    .         Reflect  .   (no cloak)
rCorr    .         Harm     .   (no gloves)
MR       .....                  (no boots)
Stlth    ++........             e - amulet of the gourmand
HPRegen  0.08/turn              m - +4 ring of strength
MPRegen  0.13/turn              (no ring)

@: very slightly contaminated
A: no striking features
a: no special abilities


You were on level 3 of the Dungeon.
You were full.

You visited 1 branch of the dungeon, and saw 3 of its levels.

You collected 69 gold pieces.

Inventory:

Hand Weapons
 j - a +0 dagger of draining (weapon)
Armour
 a - a +0 robe (worn)
Jewellery
 e - an amulet of the gourmand (around neck)
 k - a cursed -3 ring of dexterity {unknown}
 m - a +4 ring of strength (left hand)
Scrolls
 b - a scroll of identify
 n - a scroll of remove curse {unknown}
Potions
 d - a potion of flight {unknown}
 g - a potion of degeneration {unknown}
 i - a potion of cancellation {unknown}
Comestibles
 c - 5 rations


   Skills:
 + Level 0.2 Fighting
 + Level 2.8 Dodging
 - Level 2.4 Stealth
 + Level 4.6 Spellcasting
 * Level 2.3 Conjurations
 + Level 4.1 Fire Magic


You had 8 spell levels left.
You knew the following spells:

 Your Spells              Type           Power        Failure   Level  Hunger
a - Flame Tongue          Conj/Fire      ###..        3%          1    None
b - Conjure Flame         Conj/Fire      ###.....     9%          3    ##.....

Your spell library contained the following spells:

 Spells                   Type           Power        Failure   Level  Hunger
 Throw Flame              Conj/Fire      ###...       4%          2    #......
 Inner Flame              Hex/Fire       ##......     14%         3    ##.....
 Sticky Flame             Conj/Fire      ###.....     30%         4    ####...
 Fireball                 Conj/Fire      ###.......   63%         5    ######.


Dungeon Overview and Level Annotations

Branches:
Dungeon (3/15)

Altars:


Message History

The flame tongue hits the orc.
The orc is severely wounded.
Casting: Flame Tongue (safe; 3% risk of failure)
Confirm with . or Enter, or press ? or * to list all spells.
You don't know that spell.
Sorry, you're not good enough to have a special ability.
Unknown command.
Casting: Flame Tongue (safe; 3% risk of failure)
Confirm with . or Enter, or press ? or * to list all spells.
Aiming: Flame Tongue (safe; 3% risk of failure)
Press: ? - help, Shift-Dir - straight line, f/p - orc
Aim: an orc, wielding a flail and wearing a ring mail (severely wounded)
The flame tongue hits the orc.
You kill the orc!
Things that are here:
a flail; a ring mail; an orc corpse The orc priest mumbles some strange prayers to Beogh against you.
Beogh smites you!
Ouch! That really hurt!
You die...

... ..# ..# #o# #.#
######### #)#
........###.########
.......o'K.o..@...>#
.......o###†######.#
........# #.# #.#
........###.# #.#
........§[..# #.#
############# #.#
#.########
#.#......#
#.#.####.#


You could see an orc priest, an orc wizard, an orc and a kobold.

Vanquished Creatures
  An orc priest (D:3)
  An adder (D:2)
  A worm (D:2)
  2 leopard geckos (D:2)
  6 orcs (D:3)
  7 bats
  A giant cockroach (D:1)
  6 goblins
  5 hobgoblins
  A quokka (D:2)
  3 frilled lizards
  7 kobolds
  5 rats
46 creatures vanquished.

Notes
Turn   | Place    | Note
-------+----------+-------------------------------------------
     0 | D:1      | Nebulos the Deep Elf Fire Elementalist began the quest for
                  | the Orb.
     0 | D:1      | Reached XP level 1. HP: 10/10 MP: 6/6
   484 | D:1      | Reached XP level 2. HP: 15/15 MP: 6/8
   969 | D:2      | Reached XP level 3. HP: 17/19 MP: 8/10
  1067 | D:2      | Learned a level 3 spell: Conjure Flame
  2010 | D:3      | Reached XP level 4. HP: 12/24 MP: 3/12
  2216 | D:3      | Killed from afar by an orc priest

Skill      XL: |  1  2  3 |
---------------+----------+-----
Spellcasting   | 4 |  4.6
Fire Magic     | 4 |  4.1
Conjurations   | 2 |  2.3
Fighting       | |  0.2
Dodging        | |  2.8
Stealth        | |  2.4

Action                   |  1- 3 |  4- 6 || total
-------------------------+-------+-------++-------
Melee: Unarmed           |     8 |       ||     8
       Dagger            |    21 |     4 ||    25
 Cast: Flame Tongue      |    68 |     9 ||    77
       Conjure Flame     |     2 |       ||     2
  Use: Scroll            |       |     3 ||     3
       Potion            |       |     1 ||     1
 Stab: Sleeping          |     1 |       ||     1
  Eat: Chunk             |     8 |     4 ||    12
Armor: Robe              |    11 |     2 ||    13
Dodge: Dodged            |    42 |    10 ||    52
